 Dungeon Crawl Stone Soup version 0.29-a0-451-gfbfa42419e (webtiles) character file.

Game seed: 3266784999825771334

135 Gargoyl the Skirmisher (level 5, -5/33 HPs)
             Began as a Gargoyle Berserker on May 19, 2022.
             Was a Believer of Trog.
             Slain by an ogre
             ... wielding a +0 giant club
              (13 damage)
             ... on level 4 of the Dungeon.
             The game lasted 00:03:36 (3289 turns).

Gargoyl the Skirmisher (Gargoyle Berserker)         Turns: 3289, Time: 00:03:36

Health: -5/33      AC: 15    Str: 21    XL:     5   Next: 18%
Magic:  5/5        EV:  6    Int:  7    God:    Trog [**....]
Gold:   152        SH:  3    Dex: 11    Spells: 4/4 levels left

rFire   . . .      SeeInvis .   g - +1 short sword (venom)
rCold   . . .      Faith    .   p - +0 buckler
rNeg    + . .      Spirit   .   t - +0 plate armour
rPois   ∞          Reflect  .   (no helmet)
rElec   +          Harm     .   (no cloak)
rCorr   .          Rampage  .   (no gloves)
Will    .....                   (no boots)
Stlth   ..........              (no amulet)
HPRegen 0.11/turn               (no ring)
MPRegen 0.09/turn               (no ring)

@: no status effects
A: sickness immunity, AC +4, negative energy resistance 1, electricity
resistance, torment resistance 1, petrification resistance
a: Renounce Religion, Berserk, Trog's Hand


You were on level 4 of the Dungeon.
You worshipped Trog.
Trog was pleased with you.
You visited 1 branch of the dungeon, and saw 4 of its levels.

You collected 152 gold pieces.

Inventory:

Hand Weapons
 a - a +2 hand axe
 e - the +5 whip "Jairutze" {freeze, Stlth+}
   (You found it on level 2 of the Dungeon)

   It freezes those it strikes, dealing additional cold damage.
   It can also slow down cold-blooded creatures.
   Stlth:     It makes you more stealthy.
 g - a +1 short sword of venom (weapon)
Missiles
 c - 5 poisoned darts (quivered)
Armour
 p - a +0 buckler (worn)
 t - a +0 plate armour (worn)
Wands
 q - a wand of iceblast (11)
Scrolls
 b - a scroll of identify
 i - 6 scrolls of teleportation
Potions
 d - a potion of invisibility {unknown}
 f - 3 potions of lignification
 h - a potion of attraction {unknown}
 j - 2 potions of curing {unknown}
 k - a potion of degeneration {unknown}
 l - 2 potions of mutation {unknown}
 n - a potion of flight {unknown}
 r - a potion of heal wounds {unknown}
 s - a potion of might {unknown}


   Skills:
 + Level 4.1 Fighting
 + Level 1.6 Short Blades
 + Level 3.4 Axes
 + Level 2.7 Armour
 + Level 2.3 Dodging
 + Level 0.4 Stealth


You had 4 spell levels left.
You didn't know any spells.
Your spell library was empty.

Dungeon Overview and Level Annotations

Branches:
Dungeon (4/15)
 Temple: D:4-7

Altars:
Elyvilon


Innate Abilities, Weirdness & Mutations

You are immune to sickness and miasma.
Your stone body is resilient. (AC +4)
You are immune to poison.
You resist negative energy. (rN+)
You are resistant to electric shocks. (rElec)
You are resistant to unholy torment.
You are immune to petrification.


Message History

An ogre is nearby!
Throw: 10 darts (poison)
Press: ? - help, Q - select action, (/) - cycle Shift-Dir - straight line, f - ogre
Aim: an ogre, wielding a +0 giant club (73% to hit)
You throw a poisoned dart. The poisoned dart hits the ogre.
The ogre is poisoned.
Unknown command.
Throw: 9 darts (poison)
Press: ? - help, Q - select action, (/) - cycle Shift-Dir - straight line, f/p - ogre
Aim: an ogre, wielding a +0 giant club (lightly wounded, poisoned, 73% to hit)
You throw a poisoned dart. The poisoned dart hits the ogre.
The ogre looks even sicker.
The ogre is lightly wounded.
Throw: 8 darts (poison)
Press: ? - help, Q - select action, (/) - cycle Shift-Dir - straight line, f/p - ogre
Aim: an ogre, wielding a +0 giant club (lightly wounded, very poisoned, 73% to hit)
You throw a poisoned dart.
The poisoned dart closely misses the ogre.
Throw: 7 darts (poison)
Press: ? - help, Q - select action, (/) - cycle Shift-Dir - straight line, f/p - ogre
Aim: an ogre, wielding a +0 giant club (lightly wounded, very poisoned, 73% to hit)
You throw a poisoned dart.
The poisoned dart barely misses the ogre.
Unknown command.
Unknown command.
Throw: 6 darts (poison)
Press: ? - help, Q - select action, (/) - cycle Shift-Dir - straight line, f/p - ogre
Aim: an ogre, wielding a +0 giant club (moderately wounded, very poisoned, 73% to hit)
You throw a poisoned dart. The poisoned dart hits the ogre.
The ogre is moderately wounded.
A ball python comes into view.
You hit the ogre.
The ogre looks as sick as possible!
The ogre is moderately wounded.
The ogre hits you with a +0 giant club!!
Ouch! That really hurt!
* * * LOW HITPOINT WARNING * * *
You hit the ogre.
The ogre is heavily wounded.
The ogre hits you with a +0 giant club!
You die...

#.........# #.........#
#.........# #.........#
### #.........###..#
#....<.†..##..# ###
###.........##..#
..#...#...........##†.#
.......@#.........#).##
....>.O##............#
.....(...........#...#
..(S...####[.....#.###
.(.(..# #####..#.#
(.#... ########.##.# .
#... #...........# #...
#...........#
#.......)...#


You could see an ogre (extremely poisoned) and a ball python.

Vanquished Creatures
  An orc priest (D:3)
  An orc wizard (D:3)
  A worm (D:2)
  4 dart slugs
  4 orcs (D:3)
  4 endoplasms
  4 giant cockroaches (D:1)
  3 goblins
  6 hobgoblins
  3 jackals (D:1)
  8 kobolds
  4 quokkas
  6 ball pythons
  7 bats
  2 frilled lizards
  6 rats
64 creatures vanquished.

Vanquished Creatures (others)
  A demonic plant (D:1)
  5 plants
6 creatures vanquished.

Grand Total: 70 creatures vanquished

Notes
Turn   | Place    | Note
-------+----------+-------------------------------------------
     0 | D:1      | Gargoyl the Gargoyle Berserker began the quest for the Orb.
     0 | D:1      | Reached XP level 1. HP: 14/14 MP: 1/1
   333 | D:1      | Reached XP level 2. HP: 19/19 MP: 2/2
   670 | D:1      | Reached XP level 3. HP: 19/24 MP: 3/3
   730 | D:1      | Found a faded altar of an unknown god.
   948 | D:1      | Reached ** piety under Trog
  1968 | D:2      | Identified the +5 whip "Jairutze" {freeze, Stlth+}
  1977 | D:2      | Reached XP level 4. HP: 25/29 MP: 4/4
  2250 | D:3      | Reached skill level 4 in Fighting
  2250 | D:3      | Reached skill level 1 in Short Blades
  2274 | D:3      | Reached XP level 5. HP: 29/33 MP: 5/5
  2518 | D:3      | Found a white marble altar of Elyvilon.
  3282 | D:4      | Noticed an ogre
  3289 | D:4      | Slain by an ogre

Illustrated notes

Levels and vault maps discovered:
D:1:      dpeg_arrival_simpleton_b, layout_basic, shapermc_ecumenical_altar_gd
D:2:      layout_basic, minmay_misc_feat_plants, hangedman_decor_points,
          nicolae_elevator_lobby_plus
D:3:      layout_loops_corners, nicolae_elyvilon_temple_path
D:4:      layout_rooms, nemelex_altar_shiori

Skill      XL: |  1  2  3  4 |
---------------+-------------+-----
Axes           | 3 |  3.4
Dodging        | 2 |  2.3
Fighting       | 4 |  4.1
Short Blades   | 1 |  1.6
Armour         | |  2.7
Stealth        | |  0.4

Action                   |  1- 3 |  4- 6 || total
-------------------------+-------+-------++-------
Melee: Hand axe          |    30 |       ||    30
       Short sword       |    94 |    58 ||   152
       Punch             |     1 |       ||     1
Throw: Dart              |       |     5 ||     5
Invok: Berserk           |     1 |       ||     1
  Use: Scroll            |     5 |     2 ||     7
Armor: Animal skin       |    46 |       ||    46
       Chain mail        |     2 |    14 ||    16
       Ring mail         |     1 |       ||     1
       Plate armour      |       |    18 ||    18
Dodge: Dodged            |    79 |    13 ||    92
Block: Buckler           |       |     6 ||     6

Table legend: (Time is in decaauts)
 A = Elapsed time spent in this place.
 B = Non-inter-level travel time spent in this place.
 C = Inter-level travel time spent in this place.
 D = Time resting spent in this place.
 E = Time spent auto-exploring this place.
 F = Levels seen in this place.
 G = Mean time per level.
                   A        B        C        D        E       F      G
               +--------+--------+--------+--------+--------+-----+--------+
         Total |   3315 |   3258 |     57 |      0 |   2612 |   4 |  828.8 |
       Dungeon |   3315 |   3258 |     57 |      0 |   2612 |   4 |  828.8 |
               +--------+--------+--------+--------+--------+-----+--------+

Top non-repeatable levels by time:
     D:1: 1301 daAuts
     D:3: 1148 daAuts
     D:2: 799 daAuts
     D:4: 66 daAuts
